 Dungeon Crawl Stone Soup version 0.17.1-1-g73c8601 (webtiles) character file.

37091 PossumBlood the Fencer (level 13, 0/118 HPs)
             Began as a Minotaur Fighter on Jan 7, 2016.
             Was a High Priest of Trog.
             Slain by a harpy simulacrum (15 damage)
             ... on level 15 of the Dungeon.
             The game lasted 00:57:08 (16099 turns).

PossumBlood the Fencer (Minotaur Fighter)          Turns: 16099, Time: 00:57:08

Health: 0/118      AC: 26    Str: 29    XL:     13   Next: 56%
Magic:  12/12      EV: 14    Int: 13    God:    Trog [*****.]
Gold:   300        SH:  0    Dex: 10    Spells: 0 memorised, 12 levels left

rFire  . . .     SeeInvis .     q - +6 great sword of Ahat {slice, Int+5}
rCold  . . .     Clarity  .     G - +1 plate armour
rNeg   . . .     SustAt   .     (shield currently unavailable)
rPois  +         Gourm    .     H - +0 hat {Int+3}
rElec  +         Spirit   .     o - +0 cloak
rCorr  .         Warding  .     t - +0 pair of gloves
rMut   .         Stasis   .     p - +2 pair of boots
MR     ++...                    w - amulet of the Air {Inacc +Fly rElec EV+5 RMsl}
Stlth  ..........               S - ring of poison resistance
                                v - +3 ring of strength

@: regenerating, repel missiles, very resistant to hostile enchantments,
extremely unstealthy
A: retaliatory headbutt, horns 2, spit poison 1
a: Spit Poison, Berserk, Trog's Hand, Brothers in Arms, Burn Spellbooks,
Renounce Religion, Evoke Flight


You were on level 15 of the Dungeon.
You worshipped Trog.
Trog was extremely pleased with you.
You were not hungry.

You visited 2 branches of the dungeon, and saw 16 of its levels.

You collected 971 gold pieces.
You spent 671 gold pieces at shops.

Inventory:

Hand Weapons
 a - a +1 long sword
 q - the +6 great sword of Ahat (weapon) {slice, Int+5}
   (Trog gifted it to you on level 14 of the Dungeon)

   It inflicts extra damage upon your enemies.
   It affects your intelligence (+5).
 u - the +6 whip of Generosity {elec, rF+, unknown}
   (You found it on level 13 of the Dungeon)

   Occasionally, upon striking a foe, it will discharge some electrical energy
   and cause terrible harm.
   It protects you from fire.
 I - a +3 scimitar
Missiles
 r - 16 tomahawks (quivered)
 s - 7 poisoned javelins
 O - 10 javelins
 P - 4 silver javelins
Armour
 c - a +0 shield
 o - a +0 cloak (worn)
 p - a +2 pair of boots (worn)
 t - a +0 pair of gloves (worn)
 E - a troll hide
 G - a +1 plate armour (worn)
 H - a +0 hat of intelligence (worn)
 K - a fire dragon hide
 Q - the +0 ring mail of the Moneychanger {-Cast rF+ rCorr}
   (You found it on level 10 of the Dungeon)

   It protects you from fire.
   It prevents spellcasting.
   It protects you from acid and corrosion.
Jewellery
 i - a +2 ring of protection
 j - an uncursed ring of protection from fire
 k - an uncursed amulet of faith
 v - a +3 ring of strength (left hand)
 w - the amulet of the Air (around neck) {Inacc +Fly rElec EV+5 RMsl}
   (You found it on level 5 of the Dungeon)

   [amulet of inaccuracy]

   It reduces the accuracy of all your attacks.
   It affects your evasion (+5).
   It insulates you from electricity.
   It lets you fly.
   It protects you from missiles.
 y - an uncursed ring of stealth
 S - a ring of poison resistance (right hand)
Wands
 N - a wand of fire (6)
 T - a wand of magic darts (32)
 U - a wand of magic darts (12)
 V - a wand of fire (8)
 W - a wand of magic darts (22)
 X - a wand of enslavement (6)
 Z - a wand of flame (37)
Scrolls
 d - 2 scrolls of recharging
 l - 3 scrolls of teleportation
 n - 4 scrolls of remove curse
 x - a scroll of blinking
 A - a scroll of fear
 B - a scroll of fog
 C - 3 scrolls of magic mapping
 L - 2 scrolls of identify
Potions
 b - a potion of haste
 f - 2 potions of magic
 h - 2 potions of invisibility
 m - 3 potions of agility
 D - a potion of curing
 F - 4 potions of lignification
 J - 4 potions of flight
Comestibles
 e - 8 bread rations
 z - 6 meat rations
 M - 2 fruits


   Skills:
 - Level 12.1 Fighting
 + Level 17.3 Long Blades
 - Level 17.1 Armour
 - Level 2.1 Dodging
 - Level 0.5 Stealth
 - Level 11.5 Shields


You had 12 spell levels left.
You didn't know any spells.

Dungeon Overview and Level Annotations

Branches:
Dungeon (15/15)            Temple (1/1) D:5            Lair (0/8) D:8
    Orc (0/4) D:9          Vaults (0/5) D:14
 Depths: D:15

Altars:
Ashenzari
Cheibriados
Dithmenos
Elyvilon
Fedhas
Gozag
Kikubaaqudgha
Makhleb
Nemelex Xobeh
Okawaru
Qazlal
Ru
Sif Muna
Trog
Vehumet
Xom
Yredelemnul
Zin
The Shining One

Shops:
D:8 !   D:10 *!   D:13 [   D:14 *

Portals:
Labyrinth: D:15

Annotations:
D:13 mora's ghost, journeyman DsBe


Innate Abilities, Weirdness & Mutations

You reflexively headbutt those who attack you in melee.
You have a pair of horns on your head.
You can spit weak poison.


Message History

You feel slightly more hungry.
The harpy simulacrum claws you but does no damage. x2
The harpy simulacrum misses you. You furiously retaliate!
You headbutt the harpy simulacrum. The harpy simulacrum misses you.
A wraith comes into view.
The harpy simulacrum closely misses you.
You furiously retaliate!
You headbutt the harpy simulacrum.
The harpy simulacrum claws you but does no damage.
The harpy simulacrum barely misses you. You furiously retaliate!
You headbutt the harpy simulacrum!
The harpy simulacrum closely misses you. x2
The harpy simulacrum misses you. The harpy simulacrum misses you.
The harpy simulacrum claws you but does no damage.
A cyclops comes into view.
The cyclops shouts!
The harpy simulacrum claws you!
* * * LOW HITPOINT WARNING * * *
The harpy simulacrum freezes you!
You die...

#.≈.W.≈.≈.≈
#..≈.≈.≈.≈.
#.≈.≈.≈.≈.≈
#..≈.≈.≈.≈.
#.≈.≈.≈.≈.≈
#..≈Z≈.≈.≈.
#.Y.≈.≈.≈.≈
#.Z≈.≈.≈.≈.
#@≈.≈.≈.≈.≈
...C....#########
#########


You could see a cyclops, an ice beast, a harpy simulacrum and a centaur
simulacrum.

Vanquished Creatures
  Kirke (D:14)
  A vault guard (D:14)
  3 hydras
  2 centaur warriors
  Urug (D:12)
  A deep elf knight (D:10)
  4 hill giants
  2 unseen horrors
  2 necromancers (D:14)
  8 ugly things
  A cyclops (shapeshifter) (D:10)
  2 wizards (D:14)
  A cyclops (D:14)
  A griffon (D:10)
  2 manticores
  2 centaur zombies (D:11)
  2 gargoyles
  A fire drake (D:8)
  A yaktaur (D:14)
  3 trolls
  A komodo dragon (D:13)
  A tengu conjurer (D:10)
  A merfolk (D:10)
  Prince Ribbit (D:8)
  A harpy skeleton (D:13)
  15 yaks
  A two-headed ogre (D:8)
  Sigmund (D:4)
  A wyvern (D:8)
  A deep elf mage (D:14)
  A shadow (D:14)
  A water elemental (D:15)
  6 wraiths
  4 hippogriffs
  5 hogs (D:14)
  17 humans (D:14)
  4 vampire mosquitoes
  2 hungry ghosts
  11 sky beasts
  Duvessa (D:5)
  5 ogres
  A mottled dragon (D:12)
  8 orc warriors
  2 ice beasts
  2 phantoms
  An eye of draining (D:13)
  12 centaurs
  3 crocodiles
  A wasp (D:11)
  7 giant frogs
  2 water moccasin zombies (D:9)
  Dowan (D:5)
  A big kobold (D:11)
  4 scorpions
  4 killer bees (D:7)
  7 electric eels
  6 wights
  A giant frog zombie (D:10)
  6 jellies
  7 crimson imps
  6 centaur skeletons
  15 orc wizards
  8 orc priests
  2 iguanas
  3 hounds
  11 worker ants
  A worker ant zombie (D:6)
  Robin (D:4)
  11 gnolls
  11 adders
  4 shadow imps
  3 worms (D:2)
  61 orcs
  A ball python (D:3)
  17 goblins
  13 hobgoblins
  20 jackals
  7 kobolds
  7 quokkas
  5 bats
  6 giant cockroaches
  4 giant geckos
  A giant gecko skeleton (D:7)
  4 giant newts
  A jackal zombie (D:6)
  A quokka skeleton (D:5)
  5 rats
  A spectral orc (D:6)
428 creatures vanquished.

Vanquished Creatures (others)
  Josephine (D:14)
  2 humans (D:14)
  A wyvern zombie (D:14)
  An orc wizard (D:9)
5 creatures vanquished.

Grand Total: 433 creatures vanquished

Notes
Turn   | Place    | Note
--------------------------------------------------------------
     0 | D:1      | PossumBlood the Minotaur Fighter began the quest for the Orb.
     0 | D:1      | Reached XP level 1. HP: 19/19 MP: 0/0
   180 | D:1      | Reached XP level 2. HP: 26/26 MP: 1/1
   505 | D:2      | Reached skill level 4 in Long Blades
   505 | D:2      | Reached XP level 3. HP: 27/31 MP: 2/2
   638 | D:2      | Found a shattered altar of Ashenzari.
   692 | D:2      | Reached skill level 1 in Dodging
  1036 | D:2      | Reached XP level 4. HP: 39/39 MP: 3/3
  1075 | D:2      | Reached skill level 5 in Long Blades
  1474 | D:3      | Reached XP level 5. HP: 43/45 MP: 4/4
  1695 | D:3      | Reached skill level 6 in Long Blades
  2037 | D:4      | Noticed a sky beast
  2045 | D:4      | Killed a sky beast
  2045 | D:4      | Reached skill level 7 in Long Blades
  2045 | D:4      | Reached XP level 6. HP: 41/51 MP: 5/5
  2229 | D:4      | Noticed Sigmund
  2239 | D:4      | Found a shadowy altar of Dithmenos.
  2256 | D:4      | Killed Sigmund
  2256 | D:4      | Reached skill level 8 in Long Blades
  2610 | D:4      | Noticed a phantom
  2654 | D:4      | Killed a phantom
  2654 | D:4      | Reached skill level 9 in Long Blades
  2654 | D:4      | Reached XP level 7. HP: 29/57 MP: 6/6
  3179 | D:4      | Noticed Robin
  3195 | D:4      | Killed Robin
  4106 | D:5      | Entered Level 5 of the Dungeon
  4295 | D:5      | Reached skill level 10 in Long Blades
  4516 | D:5      | Gained mutation: You have supernaturally acute eyesight. [mutagenic meat]
  4628 | D:5      | Reached XP level 8. HP: 64/64 MP: 7/7
  4649 | D:5      | Found a staircase to the Ecumenical Temple.
  4683 | D:5      | Reached skill level 11 in Long Blades
  4686 | Temple   | Entered the Ecumenical Temple
  4935 | D:5      | Noticed Duvessa
  4942 | D:5      | Noticed Dowan
  4943 | D:5      | Killed Duvessa
  4947 | D:5      | Killed Dowan
  5150 | D:5      | Found a bloodstained altar of Trog.
  5153 | D:5      | Became a worshipper of Trog the Wrathful
  5189 | D:5      | Reached skill level 12 in Long Blades
  5398 | D:5      | Found an ancient bone altar of Kikubaaqudgha.
  5828 | D:6      | Reached skill level 13 in Long Blades
  5832 | D:6      | Lost mutation: You have supernaturally acute eyesight. [mutagenic meat]
  5875 | D:6      | Gained mutation: You can spit weak poison. [mutagenic meat]
  6128 | D:6      | Found a basalt altar of Yredelemnul.
  6176 | D:7      | Reached XP level 9. HP: 63/70 MP: 8/8
  6455 | D:7      | Lost mutation: You can spit weak poison. [potion of cure mutation]
  6593 | D:7      | Reached skill level 5 in Fighting
  6594 | D:7      | Reached * piety under Trog
  7339 | D:8      | Found Suuwun's Distillery.
  7345 | D:8      | Bought a potion of lignification for 39 gold pieces
  7345 | D:8      | Bought a potion of lignification for 39 gold pieces
  7345 | D:8      | Bought a potion of curing for 39 gold pieces
  7345 | D:8      | Bought a potion of curing for 39 gold pieces
  7401 | D:8      | Reached skill level 14 in Long Blades
  7487 | D:8      | Found a staircase to the Lair.
  7489 | D:8      | Noticed a fire drake
  7508 | D:8      | Killed a fire drake
  7675 | D:8      | Found a sacrificial altar of Ru.
  7912 | D:8      | Noticed Prince Ribbit
  7922 | D:8      | Killed Prince Ribbit
  8049 | D:8      | Reached XP level 10. HP: 89/91 MP: 9/9
  8179 | D:8      | Reached ** piety under Trog
  8268 | D:9      | Reached skill level 10 in Fighting
  8310 | D:9      | Found a staircase to the Orcish Mines.
  8966 | D:9      | Reached *** piety under Trog
  9085 | D:9      | Found a deep blue altar of Sif Muna.
  9206 | D:9      | Gained mutation: Your natural rate of healing is unusually fast. [mutagenic meat]
  9207 | D:9      | Gained mutation: You are agile. (Dex +2) [mutagenic meat]
  9213 | D:10     | Entered Level 10 of the Dungeon
  9237 | D:10     | Noticed a hill giant
  9240 | D:10     | Found a shimmering altar of Xom.
  9246 | D:10     | Killed a hill giant
  9246 | D:10     | Reached skill level 5 in Armour
  9310 | D:10     | Got a translucent leather armour
  9392 | D:10     | Found Kaclogi's Distillery.
  9398 | D:10     | Bought a potion of curing for 36 gold pieces
  9398 | D:10     | Bought a potion of curing for 36 gold pieces
  9398 | D:10     | Bought a potion of curing for 36 gold pieces
  9496 | D:10     | Noticed a griffon
  9509 | D:10     | Killed a griffon
  9593 | D:10     | Noticed a deep elf knight
  9598 | D:10     | Noticed a fire crab
  9598 | D:10     | a yak changed into a fire crab
  9614 | D:10     | Killed a deep elf knight
  9614 | D:10     | Reached XP level 11. HP: 78/104 MP: 10/10
  9628 | D:10     | Noticed a hill giant
  9638 | D:10     | Killed a hill giant
  9726 | D:10     | Reached skill level 10 in Armour
  9761 | D:10     | Noticed a manticore
  9766 | D:10     | Killed a manticore
  9881 | D:10     | Found Zyllorgh's General Store.
  9908 | D:10     | Bought a scroll of identify for 32 gold pieces
  9987 | D:10     | Reached **** piety under Trog
 10133 | D:10     | Got a fine ring mail
 10134 | D:10     | Identified the cursed +0 ring mail of the Moneychanger {-Cast rF+ rCorr} (You found it on level 10 of the Dungeon)
 10294 | D:11     | Gained mutation: You are very agile. (Dex +4) [potion of beneficial mutation]
 10358 | D:11     | Reached skill level 5 in Shields
 10381 | D:11     | Noticed a four-headed hydra
 10392 | D:11     | Killed an eight-headed hydra
 10551 | D:11     | Noticed a hill giant
 10588 | D:11     | Killed a hill giant
 10817 | D:11     | Killed an unseen horror
 10892 | D:11     | You fall through a shaft for 2 floors!
 10989 | D:12     | Noticed Urug
 11006 | D:12     | Killed Urug
 11006 | D:12     | Reached XP level 12. HP: 82/112 MP: 11/11
 11049 | D:12     | Reached ***** piety under Trog
 11143 | D:12     | Reached skill level 15 in Armour
 11463 | D:11     | Noticed a centaur warrior
 11474 | D:11     | Killed a centaur warrior
 11572 | D:11     | Noticed a four-headed hydra
 11578 | D:11     | Killed a seven-headed hydra
 11817 | D:12     | Reached skill level 16 in Armour
 11899 | D:12     | Killed an unseen horror
 11969 | D:12     | Found a shattered altar of Ashenzari.
 12313 | D:13     | Noticed a centaur warrior
 12325 | D:13     | Killed a centaur warrior
 12325 | D:13     | Reached skill level 10 in Shields
 12417 | D:13     | Found Maumue's Antique Armour Emporium.
 12447 | D:13     | Bought a pitted scale mail for 225 gold pieces
 12447 | D:13     | Identified the +6 scale mail "Hanoej" {+Inv rCorr} (You bought it in a shop on level 13 of the Dungeon)
 12519 | D:13     | Identified the +1 leather armour of Noon {+Blink rPois rC- Int+4} (You found it on level 10 of the Dungeon)
 12764 | D:13     | Lost mutation: You are very agile. (Dex +4) [mutagenic meat]
 12765 | D:13     | Gained mutation: You have an increased reservoir of magic (+10% MP). [mutagenic meat]
 12766 | D:13     | Gained mutation: Your body sometimes deteriorates upon taking damage. [mutagenic meat]
 12768 | D:13     | Gained mutation: You can spit weak poison. [mutagenic meat]
 12769 | D:13     | Lost mutation: Your natural rate of healing is unusually fast. [potion of cure mutation]
 12769 | D:13     | Lost mutation: Your body sometimes deteriorates upon taking damage. [potion of cure mutation]
 12769 | D:13     | Lost mutation: You are agile. (Dex +2) [potion of cure mutation]
 12769 | D:13     | Lost mutation: You have an increased reservoir of magic (+10% MP). [potion of cure mutation]
 12827 | D:13     | Got an ichor-stained whip
 12947 | D:13     | Noticed mora's ghost (journeyman DsBe)
 13425 | D:14     | Reached skill level 17 in Armour
 13481 | D:14     | Noticed Kirke
 13828 | D:14     | Received a gift from Trog
 13857 | D:14     | Got a jewelled great sword {god gift}
 14004 | D:14     | Identified the +6 great sword of Ahat {slice, Int+5} (Trog gifted it to you on level 14 of the Dungeon)
 14035 | D:14     | Killed Kirke
 14149 | D:14     | Noticed Josephine
 14169 | D:14     | Killed Josephine
 14169 | D:14     | Reached skill level 15 in Long Blades
 14169 | D:14     | Reached XP level 13. HP: 53/118 MP: 12/12
 14504 | D:14     | Identified a scroll of acquirement
 14565 | D:14     | Found Woshri's Assorted Antiques.
 14571 | D:14     | Bought a scroll of identify for 60 gold pieces
 14571 | D:14     | Bought a potion of curing for 90 gold pieces
 14887 | D:14     | Found a gate to the Vaults.
 14887 | D:14     | Noticed a vault guard
 14897 | D:14     | Killed a vault guard
 15782 | D:14     | Noticed an eight-headed hydra
 15787 | D:14     | Killed a ten-headed hydra
 16056 | D:15     | Entered Level 15 of the Dungeon
 16071 | D:15     | Found a labyrinth entrance.
 16099 | D:15     | Slain by a harpy simulacrum

Action                   |  1- 3 |  4- 6 |  7- 9 | 10-12 | 13-15 || total
-------------------------+-------+-------+-------+-------+-------++-------
Melee: Long sword        |    91 |   122 |   454 |       |       ||   667
       Scimitar          |       |       |    30 |   828 |       ||   858
       Great sword       |       |       |       |    56 |   161 ||   217
Invok: Berserk           |       |       |     1 |     5 |     2 ||     8
       Burn Spellbooks   |       |       |       |     4 |       ||     4
       Trog's Hand       |       |       |       |       |     1 ||     1
  Use: Scroll            |     4 |     8 |     8 |    18 |     3 ||    41
       Potion            |       |       |     4 |     9 |     8 ||    21
  Eat: Fruit             |       |     3 |       |       |     1 ||     4
       Beef jerky        |       |     1 |       |     5 |       ||     6
       Chunk             |       |     1 |     4 |    15 |       ||    20
       Meat ration       |       |       |     1 |     2 |     2 ||     5
       Bread ration      |       |       |     3 |     1 |       ||     4
       Pizza             |       |       |     1 |     1 |       ||     2
